Map: Orbital Shipyard

Players

Psycedilla

  • Race: Terran Terran
  • League: Gold

lesha - Winner!

  • Race: Terran Terran
  • League: Gold

VOD

Have the link to the VOD?

Description

Time

  • Played on: Jan. 6, 2016, 10:42 p.m.
  • Length: 7:33
Show
View Real Time Build Order
Export as new Build Order

Psycedilla Terran 

Build Orders: Mech 

Get SALT Encoding   

  12  0:02  SCV  
  13  0:14  SCV  
  13  0:20  Supply Depot  
  14  0:26  SCV  
  15  0:41  SCV  
  15  0:42  Barracks  
  16  0:46  Refinery  
  16  0:53  SCV  
  17  1:05  SCV  
  18  1:18  SCV  
  19  1:30  SCV, Reaper  
  21  1:40  Command Center  
  21  1:46  Orbital Command  
  21  2:08  Factory  
  21  2:12  SCV  
  22  2:23  Barracks Reactor  
  22  2:24  SCV  
  22  2:29  Refinery  
  23  2:31  Supply Depot  
  22  3:08  Starport  
  22  3:09  Hellion x2  
  26  3:16  Supply Depot  
  26  3:20  Barracks Reactor  
  26  3:26  Orbital Command  
  26  3:28  SCV  
  26  3:32  Engineering Bay  
  26  3:33  Supply Depot  
  27  3:36  Hellion  
  27  3:38  Hellion  
  27  3:40  SCV  
  32  3:55  SCV x2  
  34  3:56  Refinery  
  34  4:05  Hellion x2  
  38  4:17  Medivac x2  
  42  4:29  Hellion x2  
  45  4:33  Barracks Tech Lab  
  45  4:35  Factory  
  45  4:40  Armory  
  45  4:46  SCV x2  
  47  5:05  Hellion x2  
  51  5:11  Factory  
  51  5:16  Armory  
  43  5:59  Liberator x2  
  39  6:20  Factory Tech Lab  
  39  6:23  Hellbat x2  
  39  6:24  Barracks Tech Lab, Siege Tank  
  46  6:32  Supply Depot  
  46  6:33  Supply Depot  
  46  6:34  Supply Depot  
  46  6:45  Missile Turret  
  46  6:50  Missile Turret  
  46  6:51  Siege Tank  
  49  6:57  Command Center  
  41  7:24  Refinery  
Show
View Real Time Build Order
Export as new Build Order

lesha Terran - Winner!

Build Orders: Reaper Expand 

Get SALT Encoding   

  12  0:01  SCV  
  13  0:13  SCV  
  14  0:18  Supply Depot  
  14  0:25  SCV  
  15  0:40  SCV  
  15  0:41  Barracks  
  16  0:47  Refinery  
  16  0:52  SCV  
  17  1:04  SCV  
  18  1:16  SCV  
  19  1:28  Orbital Command  
  19  1:30  Reaper  
  20  1:40  Command Center  
  20  1:54  Supply Depot  
  20  1:58  SCV, Refinery  
  21  2:03  Barracks Reactor  
  21  2:14  SCV, Barracks  
  22  2:34  SCV  
  23  2:46  SCV  
  23  2:57  Marine x2  
  25  3:04  SCV  
  25  3:05  Orbital Command  
  26  3:15  Marine  
  26  3:18  Barracks  
  27  3:21  Barracks Tech Lab  
  27  3:22  Factory  
  27  3:26  Marine  
  28  3:32  SCV  
  28  3:33  SCV  
  30  3:41  Supply Depot  
  30  3:42  Marine  
  30  3:43  Supply Depot  
  30  3:45  SCV x2, Stimpack, Engineering Bay  
  30  3:48  Marine  
  34  3:51  Marine  
  35  4:05  Marine  
  35  4:09  Barracks Reactor, Marauder  
  38  4:28  Factory Tech Lab  
  38  4:37  SCV, Starport  
  38  4:38  SCV  
  40  4:39  Barracks  
  40  4:50  SCV x2  
  42  4:53  Marine  
  42  4:54  Marine x4  
  42  4:59  Terran Infantry Weapons Level 1  
  47  5:02  SCV x2  
  47  5:05  Refinery  
  49  5:07  Refinery  
  49  5:14  SCV x2  
  50  5:16  Starport Reactor  
  51  5:26  SCV x2, Supply Depot  
  53  5:29  Supply Depot x2, Barracks Tech Lab  
  53  5:30  Marine x3  
  53  5:31  Barracks  
  53  5:32  Marauder  
  58  5:37  Marine  
  47  6:09  Marine x3  
  47  6:10  Marine  
  47  6:11  Marauder x2  
  53  6:12  Medivac  
  53  6:16  SCV x2  
  57  6:28  SCV x2  
  57  6:29  Marine x4  
  57  6:31  Barracks Reactor  
  63  6:40  SCV x2  
  63  6:42  Medivac  
  67  6:53  Marine x2  
  69  6:54  SCV  
  69  6:55  SCV  
  71  7:07  SCV x2  
Tags
 
Composition
Mech
League
GoldGold
Matchup
TvT
Race
Terran
Add a new tag
Caveats
  • Supply blocks, unpowered buildings, or Contaminate may cause inaccurate times.
  • Supply counts are checked every 10 seconds.